 Dungeon Crawl Stone Soup version 0.27-a0-333-gfa571bf19a (webtiles) character file.

Game seed: 15420750608882504336

1375 ReteAZ the Twirler (level 8, -22/64 HPs)
             Began as a Human Gladiator on Feb 12, 2021.
             Was a Follower of Okawaru.
             Annihilated by an orc warrior
             ... wielding a +0 glaive
              (26 damage)
             ... on level 6 of the Dungeon.
             The game lasted 00:07:23 (7991 turns).

ReteAZ the Twirler (Human Gladiator)                Turns: 7991, Time: 00:07:23

Health: -22/64     AC:  9    Str: 16    XL:     8   Next: 98%
Magic:  8/8        EV: 13    Int: 15    God:    Okawaru [*.....]
Gold:   289        SH:  0    Dex: 15    Spells: 7/7 levels left

rFire    + . .     SeeInvis .   g - +1 short sword (venom)
rCold    + . .     Faith    .   (no shield)
rNeg     . . .     Spirit   .   x - +3 leather armour of Gestures {rPois Int+6}
rPois    +         Reflect  .   c - +0 helmet
rElec    .         Harm     .   (no cloak)
rCorr    .         Rampage  .   m - +0 pair of gloves
Will     .....                  (no boots)
Stlth    +.........             (no amulet)
HPRegen  0.20/turn              r - ring of protection from cold
MPRegen  0.11/turn              v - ring of protection from fire

@: no status effects
A: no striking features
a: Renounce Religion, Heroism


You were on level 6 of the Dungeon.
You worshipped Okawaru.
Okawaru was aware of your devotion.
You visited 2 branches of the dungeon, and saw 7 of its levels.

You collected 289 gold pieces.

Inventory:

Hand Weapons
 a - a +0 quarterstaff
 g - a +1 short sword of venom (weapon)
Missiles
 d - 4 throwing nets
 p - 33 poisoned darts (quivered)
Armour
 b - a +0 leather armour
 c - a +0 helmet (worn)
 m - a +0 pair of gloves (worn)
 s - a +0 chain mail
 x - the +3 leather armour of Gestures (worn) {rPois Int+6}
   (You found it on level 5 of the Dungeon)

   It affects your intelligence (+6).
   It protects you from poison.
Jewellery
 k - a ring of ice
 r - a ring of protection from cold (left hand)
 v - a ring of protection from fire (right hand)
Wands
 t - a wand of polymorph (1)
 y - a wand of flame (14)
Scrolls
 e - a scroll of immolation {unknown}
 h - 8 scrolls of teleportation {unknown}
 j - a scroll of random uselessness {unknown}
 l - 3 scrolls of identify {unknown}
 o - a scroll of enchant weapon {unknown}
Potions
 f - a potion of invisibility {unknown}
 i - a potion of brilliance {unknown}
 n - a potion of berserk rage {unknown}
 q - a potion of haste {unknown}
 u - a potion of attraction {unknown}
 w - a potion of cancellation {unknown}
 z - a potion of curing


   Skills:
 + Level 6.0 Fighting
 + Level 7.0 Staves
 - Level 2.0 Throwing
 + Level 5.5 Armour
 - Level 3.0 Dodging


You had 7 spell levels left.
You didn't know any spells.
Your spell library contained the following spells:

 Spells                   Type           Power        Failure   Level
 Animate Skeleton         Necr           0%           32%         1
 Pain                     Necr           0%           32%         1
 Vampiric Draining        Necr           0%           67%         3
 Animate Dead             Necr           0%           97%         4
 Agony                    Necr           0%           100%        5


Dungeon Overview and Level Annotations

Branches:
Dungeon (6/15)             Temple (1/1) D:5

Altars:
Ashenzari
Dithmenos
Fedhas
Gozag
Hepliaklqana
Kikubaaqudgha
Makhleb
Nemelex Xobeh
Okawaru
Qazlal
Ru
Sif Muna
Uskayaw
Vehumet
Wu Jian
Xom
Yredelemnul
The Shining One


Message History

The orc wizard shouts!
You see here a +0 club.
Things that are here:
a +0 mace of draining; a +0 club You hit the orc wizard.
The orc wizard is poisoned.
The orc wizard is lightly wounded.
The orc wizard hits you but does no damage.
You closely miss the orc wizard.
The orc wizard is lightly wounded.
The orc wizard hits you but does no damage.
You completely miss the orc wizard.
The orc wizard is moderately wounded.
The orc wizard hits you with a +0 dagger.
The orc warrior hits you from afar with a +0 glaive!
You miss the orc wizard.
The orc wizard is moderately wounded.
The orc wizard hits you with a +0 dagger.
The orc warrior closely misses you.
You hit the orc wizard but do no damage.
The orc wizard is moderately wounded.
The orc wizard hits you with a +0 dagger.
You hit the orc wizard.
The orc wizard looks as sick as possible!
The orc wizard is heavily wounded.
The orc wizard barely misses you.
The orc warrior hits you from afar with a +0 glaive!!
You closely miss the orc wizard.
The orc wizard is heavily wounded.
The orc wizard hits you but does no damage.
The orc warrior hits you from afar with a +0 glaive!!
* * * LOW HITPOINT WARNING * * *
The orc wizard barely misses you.
You barely miss the orc wizard.
The orc wizard is heavily wounded.
The orc warrior hits you but does no damage.
The orc wizard hits you but does no damage.
You closely miss the orc wizard.
The orc wizard is heavily wounded.
The orc warrior hits you from afar with a +0 glaive!!
You die...

#.##...............##..#
#.##..............# #..#
#.##..............# #..#
#........[........# #..#
####........o.....###..#
###o#######.........# #o#
#....####.#
#)#######....# #.#
#)@o...##....# #.#
######.##....# #.#
###...#.##....# #.#
#.......##....####'#
#.......####........
#.......# #.........
######.......###...>.....
#....'...................
#.####............#..####


You could see 2 orc warriors and an orc wizard (very poisoned).

Vanquished Creatures
  A sky beast (D:5)
  2 ice beasts
  A centaur (D:6)
  A phantom (D:5)
  2 jellies
  2 hounds (D:5)
  3 orc priests (D:5)
  2 bullfrog skeletons
  Ijyb (D:3)
  Terence (D:3)
  An iguana (D:4)
  5 orc wizards
  5 worker ants
  A howler monkey zombie (D:6)
  7 gnolls
  13 adders
  2 shadow imps
  A white imp (D:5)
  3 ufetubi
  An ooze (D:2)
  An adder skeleton (D:4)
  A worm (D:4)
  4 leopard geckos
  12 orcs
  3 giant cockroaches
  6 goblins
  9 hobgoblins
  19 jackals
  8 kobolds
  4 quokkas
  2 ball pythons
  4 bats
  3 frilled lizards
  9 rats
140 creatures vanquished.

Vanquished Creatures (others)
  2 plants (D:6)
2 creatures vanquished.

Grand Total: 142 creatures vanquished

Notes
Turn   | Place    | Note
-------+----------+-------------------------------------------
     0 | D:1      | ReteAZ the Human Gladiator began the quest for the Orb.
     0 | D:1      | Reached XP level 1. HP: 16/16 MP: 1/1
   302 | D:1      | Reached XP level 2. HP: 22/22 MP: 2/2
   817 | D:2      | Reached skill level 1 in Armour
   817 | D:2      | Reached XP level 3. HP: 15/28 MP: 3/3
   985 | D:2      | Found a shimmering altar of Xom.
  1190 | D:2      | Reached XP level 4. HP: 15/34 MP: 4/4
  1629 | D:2      | Reached skill level 4 in Staves
  2177 | D:3      | Noticed Terence
  2190 | D:3      | Killed Terence
  2191 | D:3      | Reached XP level 5. HP: 34/41 MP: 5/5
  2286 | D:3      | Noticed Ijyb
  2309 | D:3      | Killed Ijyb
  2683 | D:3      | Found a glowing golden altar of the Shining One.
  2799 | D:3      | Found an iron altar of Okawaru.
  2815 | D:3      | Reached XP level 6. HP: 47/47 MP: 6/6
  3132 | D:4      | Reached skill level 5 in Staves
  4155 | D:4      | Reached XP level 7. HP: 50/54 MP: 7/7
  4437 | D:5      | Entered Level 5 of the Dungeon
  5014 | D:5      | Reached skill level 6 in Staves
  5033 | D:5      | Reached XP level 8. HP: 10/61 MP: 8/8
  5394 | D:5      | Got a faintly humming leather armour
  5407 | D:5      | Identified the +3 leather armour of Gestures {rPois Int+6}
                  | (You found it on level 5 of the Dungeon)
  5684 | D:5      | Reached skill level 5 in Fighting
  6179 | D:5      | Found a staircase to the Ecumenical Temple.
  6346 | Temple   | Entered the Ecumenical Temple
  6663 | D:3      | Became a worshipper of Warmaster Okawaru
  6888 | D:5      | Reached skill level 5 in Armour
  7235 | D:6      | Reached * piety under Okawaru
  7376 | D:6      | Reached skill level 7 in Staves
  7991 | D:6      | Annihilated by an orc warrior

Illustrated notes

Levels and vault maps discovered:
D:1:      psy_arrival_fountain, layout_loops_ring, hex_medium
D:2:      layout_rooms, lemuel_crystal_altar, kennysheep_generic_room_3
D:3:      layout_rooms, okawaru_altar_gauntlet_db, tso_metal_star, uniq_ijyb,
          uniq_terence
D:4:      layout_cave_pools
D:5:      layout_loops_ring, temple_hall, minmay_quadrilaterals
D:6:      lemuel_castle_with_subvaults [lemuel_castle_interior_carwin_1],
          layout_basic, nicolae_overflow_hidden_temple, lemuel_altar_in_water
Temple:   regret_index_temple_generic_petals

Skill      XL: |  1  2  3  4  5  6  7  8 |
---------------+-------------------------+-----
Armour         | 1 2 3 4 5 |  5.5
Staves         | 4 5 6 7 |  7.0
Fighting       | 3 4 6 |  6.0
Throwing       | |  2.0
Dodging        | |  3.0

Action                   |  1- 3 |  4- 6 |  7- 9 || total
-------------------------+-------+-------+-------++-------
Melee: Quarterstaff      |    12 |     4 |    26 ||    42
       Short sword       |    56 |   252 |   276 ||   584
Throw: Dart              |       |       |     3 ||     3
  Use: Potion            |       |       |     2 ||     2
 Stab: Distracted        |       |     1 |       ||     1
Armor: Leather armour    |    24 |    85 |   155 ||   264
       Skin              |       |    63 |       ||    63
Dodge: Dodged            |    64 |   202 |   267 ||   533

Table legend: (Time is in decaauts)
 A = Elapsed time spent in this place.
 B = Non-inter-level travel time spent in this place.
 C = Inter-level travel time spent in this place.
 D = Time resting spent in this place.
 E = Time spent auto-exploring this place.
 F = Levels seen in this place.
 G = Mean time per level.
                   A        B        C        D        E       F      G
               +--------+--------+--------+--------+--------+-----+--------+
         Total |   8054 |   7482 |    572 |   1705 |   4289 |   7 | 1150.6 |
       Dungeon |   7813 |   7267 |    546 |   1705 |   4074 |   6 | 1302.2 |
        Temple |    240 |    215 |     25 |      0 |    215 |   1 |  240.0 |
               +--------+--------+--------+--------+--------+-----+--------+

Top non-repeatable levels by time:
     D:5: 2242 daAuts
     D:2: 1363 daAuts
     D:3: 1357 daAuts
     D:4: 1261 daAuts
     D:1: 803 daAuts
     D:6: 784 daAuts
  Temple: 240 daAuts
